 Dungeon Crawl Stone Soup version 0.28-a0-1565-g95a8017c83 (webtiles) character file.

Game seed: 4779963771793473783

2090 vineage the Fighter (level 9, -2/93 (96) HPs)
             Began as a Minotaur Fighter on Jan 19, 2022.
             Was an Initiate of Okawaru.
             Slain by an ice devil (9 damage)
             ... summoned by a kobold demonologist
             ... on level 7 of the Dungeon.
             The game lasted 00:06:29 (6627 turns).

vineage the Fighter (Minotaur Fighter)              Turns: 6627, Time: 00:06:30

HP:   -2/93 (96)    AC:  9    Str: 24    XL:     9   Next: 6%
MP:   0/8           EV: 13    Int:  7    God:    Okawaru [......]
Gold: 1333          SH:  6    Dex: 13    Spells: 8/8 levels left

rFire   . . .      SeeInvis .   G - +1 flail (holy)
rCold   . . .      Faith    .   c - +1 buckler
rNeg    + . .      Spirit   +   b - +0 scale mail
rPois   .          Reflect  .   (helmet restricted)
rElec   +          Harm     .   (no cloak)
rCorr   .          Rampage  .   e - +0 pair of gloves
Will    .....                   u - +0 pair of boots "Gifye" {Str+2}
Stlth   ..........              k - amulet of guardian spirit
HPRegen 0.25/turn               m - ring of wizardry
MPRegen 0.11/turn               t - ring "Damaenon" {rElec rN+ EV+4 Int+2}

@: lightly drained
A: horns 2, retaliatory headbutt
a: Renounce Religion


You were on level 7 of the Dungeon.
You worshipped Okawaru.
Okawaru was noncommittal.
You visited 2 branches of the dungeon, and saw 8 of its levels.

You collected 1333 gold pieces.

Inventory:

Hand Weapons
 a - a +0 war axe
 G - a +1 flail of holy wrath (weapon)
Armour
 b - a +0 scale mail (worn)
 c - a +1 buckler (worn)
 e - a +0 pair of gloves (worn)
 u - the +0 pair of boots "Gifye" (worn) {Str+2}
   (You acquired it on level 5 of the Dungeon)

   Str:       It affects your strength (+2).
 C - a +0 pair of boots
Jewellery
 i - an amulet of magic regeneration
 k - an amulet of guardian spirit (around neck)
 m - a ring of wizardry (left hand)
 o - a ring of positive energy
 t - the ring "Damaenon" (right hand) {rElec rN+ EV+4 Int+2}
   (You found it on level 4 of the Dungeon)

   [ring of evasion]

   EV:        It affects your evasion (+4).
   Int:       It affects your intelligence (+2).
   rElec:     It insulates you from electricity.
   rN:        It protects you from negative energy.
Wands
 n - a wand of charming (11)
 v - a wand of iceblast (14)
 y - a wand of acid (6)
Scrolls
 g - a scroll of enchant armour
 p - 3 scrolls of amnesia
 q - a scroll of enchant weapon {unknown}
 s - 6 scrolls of identify
 F - a scroll of silence {unknown}
Potions
 d - a potion of might
 f - a potion of lignification {unknown}
 h - a potion of invisibility
 j - 2 potions of heal wounds
 l - a potion of magic {unknown}
 r - 2 potions of degeneration {unknown}
 w - a potion of brilliance {unknown}
 x - 2 potions of curing {unknown}
 z - a potion of resistance {unknown}
 A - a potion of mutation {unknown}
 B - a potion of flight {unknown}
 D - a potion of haste {unknown}
 E - 2 potions of cancellation {unknown}


   Skills:
 + Level 14.4 Fighting
 - Level 2.4 Axes
 - Level 3.6 Armour
 - Level 3.6 Shields


You had 8 spell levels left.
You didn't know any spells.
Your spell library contained the following spells:

 Spells                   Type           Power      Damage    Failure   Level
 Stone Arrow              Conj/Erth      0%         3d7       85%         3
 Olgreb's Toxic Radiance  Pois           0%         N/A       99%         4
 Ozocubu's Refrigeration  Ice            0%         4d5       100%        7
 Ignition                 Fire           0%         3d3       100%        8
 Lehudib's Crystal Spear  Conj/Erth      0%         10d2      100%        8
 Animate Armour           Summ/Erth      Unusable   N/A       N/A         4

Dungeon Overview and Level Annotations

Branches:
Dungeon (7/15)             Temple (1/1) D:7

Altars:
Ashenzari
Cheibriados
Dithmenos
Elyvilon
Fedhas
Gozag
Kikubaaqudgha
Makhleb
Nemelex Xobeh
Okawaru
Qazlal
Ru
Sif Muna
Trog
Uskayaw
Vehumet
Wu Jian
Xom
Yredelemnul
Zin
The Shining One

Shops:
D:1 !   D:2 :


Innate Abilities, Weirdness & Mutations

You have a pair of horns on your head.
You reflexively headbutt those who attack you in melee.


Message History

You headbutt the soul eater, but do no damage.
You miss the kobold demonologist. You headbutt the kobold demonologist!
The kobold demonologist is almost dead.
The white imp hits you but does no damage.
The ice devil closely misses you.
The kobold demonologist hits you but does no damage.
The soul eater hits you but does no damage.
The ice devil hits you! The ice devil freezes you!
You barely miss the kobold demonologist.
The kobold demonologist is almost dead.
The kobold demonologist casts a cantrip, but nothing happens.
The soul eater hits you!
* * * LOW HITPOINT WARNING * * *
You partially resist.
You feel drained.
* * * LOW HITPOINT WARNING * * *
The ice devil hits you but does no damage.
The kobold demonologist hits you but does no damage.
The iron imp barely misses you. You furiously retaliate!
You headbutt the iron imp.
The soul eater draws from the surrounding life force!
* * * LOW HITPOINT WARNING * * *
You feel much better.
The white imp laughs crazily.
The ice devil hits you! The ice devil freezes you!
* * * LOW HITPOINT WARNING * * *
The kobold demonologist gestures wildly while chanting.
The soul eater draws from the surrounding life force!
* * * LOW HITPOINT WARNING * * *
You miss the kobold demonologist.
The kobold demonologist is almost dead.
You block the iron imp's attack. The ice devil barely misses you.
The kobold demonologist mumbles some strange words.
The soul eater draws from the surrounding life force!
* * * LOW HITPOINT WARNING * * *
The iron imp hits you but does no damage.
You barely miss the kobold demonologist.
The kobold demonologist is almost dead.
The white imp disappears in a puff of smoke!
The ice devil hits you!
You die...

######## #....... #
......# #.♣.♣...#
#.._..5.# #....§.#
#...4K5# #########
#..4@5# #......(#
#####3# #.......#
#.#
#.......########.#
#.......+........# #
#.......#..≈≈≈..##.#
#.........≈§§§≈....#
####.#...≈≈≈≈≈§≈####
#####.#...≈§≈>≈§§#


You could see a soul eater (summoned), an ice devil (summoned), a kobold
demonologist, a chaos spawn (summoned), 2 iron imps and a shadow imp (summoned).

Vanquished Creatures
  Sigmund (D:4)
  A wraith (D:7)
  A water moccasin (D:6)
  3 black bears
  An ogre (D:4)
  A necrophage (D:5)
  A centaur (D:5)
  A gnoll sergeant (D:7)
  3 scorpions
  A wyvern zombie (D:7)
  3 wyvern skeletons (D:6)
  A howler monkey (D:7)
  A centaur skeleton (D:7)
  A gnoll shaman (D:4)
  A bullfrog zombie (D:6)
  2 hounds
  A centaur zombie (D:6)
  A bullfrog skeleton (D:5)
  An iguana (D:4)
  4 orc wizards
  A killer bee zombie (D:6)
  A howler monkey zombie (D:6)
  11 gnolls
  7 adders
  A shadow imp (D:5)
  2 white imps
  An ufetubus (D:4)
  An adder skeleton (D:4)
  2 worms
  2 dart slugs
  11 orcs
  7 bats
  4 endoplasms
  A giant cockroach (D:3)
  4 goblins
  8 hobgoblins
  2 quokkas
  7 ball pythons
  2 frilled lizards
  4 kobolds
  A quokka skeleton (D:4)
  4 rats
114 creatures vanquished.

Vanquished Creatures (others)
  An orc priest (D:5)
  An orc wizard (D:5)
  4 toadstools (D:1)
6 creatures vanquished.

Grand Total: 120 creatures vanquished

Notes
Turn   | Place    | Note
-------+----------+-------------------------------------------
     0 | D:1      | vineage the Minotaur Fighter began the quest for the Orb.
     0 | D:1      | Reached XP level 1. HP: 19/19 MP: 0/0
   272 | D:1      | Reached skill level 4 in Fighting
   336 | D:1      | Reached XP level 2. HP: 28/28 MP: 1/1
   386 | D:1      | Found Dadohi's Distillery.
   917 | D:2      | Reached skill level 5 in Fighting
   941 | D:2      | Reached XP level 3. HP: 32/36 MP: 2/2
  1086 | D:2      | Found an ornate altar of the Wu Jian Council.
  1191 | D:2      | Found a faded altar of an unknown god.
  1264 | D:2      | Found Cuimu's Book Shoppe.
  1772 | D:3      | Reached skill level 6 in Fighting
  1772 | D:3      | Reached XP level 4. HP: 35/44 MP: 1/3
  2511 | D:4      | Noticed Sigmund
  2519 | D:4      | Killed Sigmund
  2520 | D:4      | Reached skill level 8 in Fighting
  2520 | D:4      | Reached XP level 5. HP: 41/53 MP: 2/4
  2652 | D:4      | Noticed a black bear
  2658 | D:4      | Killed a black bear
  2659 | D:4      | Reached XP level 6. HP: 42/62 MP: 3/5
  2802 | D:4      | Identified the ring "Damaenon" {rElec rN+ EV+4 Int+2}
  2942 | D:4      | Reached skill level 9 in Fighting
  3242 | D:4      | Reached XP level 7. HP: 53/71 MP: 4/6
  3534 | D:4      | Reached skill level 10 in Fighting
  3847 | D:5      | Entered Level 5 of the Dungeon
  4304 | D:5      | Reached skill level 11 in Fighting
  4601 | D:5      | Reached XP level 8. HP: 45/82 MP: 5/7
  5007 | D:5      | Identified 2 scrolls of acquirement
  5007 | D:5      | Acquired the +0 pair of boots "Gifye" {Str+2}
  5021 | D:5      | Acquired 1086 gold pieces
  5258 | D:6      | Reached skill level 12 in Fighting
  5762 | D:6      | Reached skill level 13 in Fighting
  6111 | D:7      | Reached skill level 14 in Fighting
  6405 | D:7      | Found a blossoming altar of Fedhas.
  6413 | D:7      | Reached XP level 9. HP: 79/96 MP: 6/8
  6509 | D:7      | Found a staircase to the Ecumenical Temple.
  6522 | Temple   | Entered the Ecumenical Temple
  6587 | Temple   | Became a worshipper of Warmaster Okawaru
  6609 | D:7      | Found a blossoming altar of Fedhas.
  6609 | D:7      | Noticed a kobold demonologist
  6618 | D:7      | Noticed an ice devil
  6619 | D:7      | Noticed a soul eater
  6627 | D:7      | Slain by an ice devil

Illustrated notes

Levels and vault maps discovered:
D:1:      ldierk_water_garden, layout_basic, serial_shops, shop_fountains,
          serial_park_tiny_1, minmay_heptomino_d4
D:2:      layout_basic, basic_altar, serial_shops, nicolae_shop_waterfront,
          nicolae_ecumenical_lake_church
D:3:      layout_basic
D:4:      layout_basic, uniq_sigmund
D:5:      layout_cave_pools, hangedman_abyss_or_decor_stagger,
          kennysheep_small_spiral
D:6:      layout_rooms
D:7:      layout_basic, nzn_hepliaklqana_mist_gate, minmay_temple_entry_mist,
          hangedman_feature_mirror
Temple:   compressed_dpeg_circular_temple

Skill      XL: |  1  2  3  4  5  6  7  8 |
---------------+-------------------------+-----
Fighting       | 4 5 6 8 9 11 14 | 14.4
Axes           | |  2.4
Armour         | |  3.6
Shields        | |  3.6

Action                   |  1- 3 |  4- 6 |  7- 9 || total
-------------------------+-------+-------+-------++-------
Melee: War axe           |    77 |    47 |   172 ||   296
       Headbutt          |    11 |     8 |    42 ||    61
       Flail             |       |       |    14 ||    14
  Use: Scroll            |     2 |       |     7 ||     9
       Potion            |       |       |     4 ||     4
 Stab: Invisible         |       |       |     1 ||     1
Armor: Scale mail        |    36 |    21 |   121 ||   178
Dodge: Dodged            |    34 |    31 |   154 ||   219
Block: Buckler           |    17 |     6 |    52 ||    75

Table legend: (Time is in decaauts)
 A = Elapsed time spent in this place.
 B = Non-inter-level travel time spent in this place.
 C = Inter-level travel time spent in this place.
 D = Time resting spent in this place.
 E = Time spent auto-exploring this place.
 F = Levels seen in this place.
 G = Mean time per level.
                   A        B        C        D        E       F      G
               +--------+--------+--------+--------+--------+-----+--------+
         Total |   6764 |   6441 |    323 |     61 |   5475 |   8 |  845.5 |
       Dungeon |   6683 |   6382 |    301 |     61 |   5438 |   7 |  954.7 |
        Temple |     80 |     58 |     22 |      0 |     37 |   1 |   80.0 |
               +--------+--------+--------+--------+--------+-----+--------+

Top non-repeatable levels by time:
     D:4: 1514 daAuts
     D:5: 1221 daAuts
     D:6: 1003 daAuts
     D:3: 948 daAuts
     D:1: 762 daAuts
     D:2: 681 daAuts
     D:7: 550 daAuts
  Temple: 80 daAuts
